 Dungeon Crawl Stone Soup version 0.30-a0-728-gc68057be0a (webtiles) character file.

Game seed: 6675475569310124867

91 hikkokomori the Slasher (level 4, 0/28 HPs)
             Began as a Tengu Gladiator on Feb 1, 2023.
             Slain by an adder (3 damage)
             ... on level 2 of the Dungeon.
             The game lasted 00:02:17 (1870 turns).

hikkokomori the Slasher (Tengu Gladiator)           Turns: 1870, Time: 00:02:18

Health: 0/28       AC:  4    Str: 15    XL:     4   Next: 59%
Magic:  5/5        EV: 13    Int:  6    God:
Gold:   144        SH:  0    Dex: 17    Spells: 3/3 levels left

rFire   . . .      SeeInvis .    a - +0 long sword
rCold   . . .      Faith    .    (no shield)
rNeg    . . .      Spirit   .    b - +0 leather armour
rPois   .          Reflect  .    c - +0 hat
rElec   .          Harm     .    (no cloak)
rCorr   .          Rampage  .    (no gloves)
Will    .....                    (boots unavailable)
Stlth   ++                       (no amulet)
HPRegen 0.24/turn                (no ring)
MPRegen 0.09/turn                (no ring)

@: no status effects
A: beak, talons 3, dopey 1, shaggy fur 1
a: no special abilities


You were on level 2 of the Dungeon.
You visited 1 branch of the dungeon, and saw 2 of its levels.

You collected 144 gold pieces.

Inventory:

Hand Weapons
 a - a +0 long sword (weapon)
Missiles
 d - 4 throwing nets (quivered)
 e - a javelin
Armour
 b - a +0 leather armour (worn)
 c - a +0 hat (worn)
Scrolls
 h - 2 scrolls of identify {unknown}
 j - 4 scrolls of teleportation {unknown}
 k - a scroll of silence {unknown}
Potions
 f - a potion of degeneration {unknown}
 g - a potion of mutation
 i - a potion of ambrosia {unknown}
 l - a potion of curing {unknown}


   Skills:
 + Level 3.1 Fighting
 + Level 4.2 Long Blades
 - Level 2.0 Throwing
 - Level 3.2 Dodging
 + Level 2.4 Stealth


You had 3 spell levels left.
You didn't know any spells.
Your spell library contained the following spells:

 Spells                   Type           Power      Damage    Failure   Level
 Blink                    Tloc           0%         N/A       67%         2
 Lesser Beckoning         Tloc           0%         N/A       67%         2
 Momentum Strike          Conj/Tloc      0%         3d8       67%         2
 Sublimation of Blood     Necr           0%         N/A       67%         2
 Wereblood                Tmut           0%         N/A       67%         2
 Summon Hydra             Summ           0%         N/A       100%        7


Dungeon Overview and Level Annotations

Branches:
Dungeon (2/15)

Altars:


Innate Abilities, Weirdness & Mutations

You have a beak for a mouth.
You have claws for feet.
You are dopey. (Int -2)
You are covered in fur. (AC +1)


Message History

You are too injured to fight recklessly!
You are too injured to fight recklessly!
You are too injured to fight recklessly!
You are too injured to fight recklessly!
You are too injured to fight recklessly!
You are too injured to fight recklessly!
You are too injured to fight recklessly!
You are too injured to fight recklessly!
You are too injured to fight recklessly!
You are too injured to fight recklessly!
You are too injured to fight recklessly!
You are too injured to fight recklessly!
You are too injured to fight recklessly!
Unknown command.
The hobgoblin attacks as you move away! The hobgoblin misses you.
The adder attacks as you move away! The adder barely misses you.
The adder attacks as you move away! The adder bites you.
The adder bites you but does no damage.
You see here a stone.
You barely miss the adder. Your kick misses the adder.
The adder is severely wounded.
The adder bites you. x2
* * * LOW HITPOINT WARNING * * *
You closely miss the adder. Your kick misses the adder.
Your peck misses the adder.
The adder is severely wounded.
The adder bites you but does no damage.
You hit the adder but do no damage. You peck the adder, but do no damage.
The adder is severely wounded.
The adder bites you.
* * * LOW HITPOINT WARNING * * *
The adder bites you but does no damage.
It was a potion of mutation.
You feel extremely strange.
Your vision sharpens.
Your vision seems duller.
You feel stupid. Fur sprouts all over your body.
The adder bites you but does no damage.
You closely miss the adder. Your peck misses the adder.
The adder is severely wounded.
The adder bites you.
You die...

###.........
#...........
#...........###
#..r......>....
#..............
#......#####..#
+..............
######r.....####.#.#
#..@Sgw#.......#.#.#
#.####.#.#####.#.#.#
#.# #.#.#<....#.#.#
#.# #.#.......#.#.#
#.# #.#......†#'#.#
#.# #.#............
#.# #..............
#.# #######........
#.# .........#.#.#


You could see a worm, an adder, a hobgoblin and a rat.

Vanquished Creatures
  3 gnolls (D:2)
  3 dart slugs (D:1)
  3 orcs (D:2)
  5 bats
  5 endoplasms
  A giant cockroach (D:2)
  9 goblins
  A hobgoblin (D:2)
  2 quokkas (D:1)
  5 ball pythons
  4 frilled lizards
  5 kobolds
  5 rats
51 creatures vanquished.

Notes
Turn   | Place    | Note
-------+----------+-------------------------------------------
     0 | D:1      | hikkokomori the Tengu Gladiator began the quest for the
                  | Orb.
     0 | D:1      | Reached XP level 1. HP: 12/12 MP: 2/2
   164 | D:1      | Reached XP level 2. HP: 13/17 MP: 3/3
   167 | D:1      | Reached skill level 1 in Stealth
   429 | D:1      | Reached XP level 3. HP: 13/22 MP: 4/4
   977 | D:2      | Found a faded altar of an unknown god.
  1239 | D:2      | Reached skill level 4 in Long Blades
  1299 | D:2      | Reached XP level 4. HP: 10/27 MP: 5/5
  1869 | D:2      | Gained mutation: You have supernaturally acute eyesight.
                  | (SInv) [potion of mutation]
  1869 | D:2      | Lost mutation: You have supernaturally acute eyesight.
                  | (SInv) [potion of mutation]
  1869 | D:2      | Gained mutation: You are dopey. (Int -2) [potion of
                  | mutation]
  1869 | D:2      | Gained mutation: You are covered in fur. (AC +1) [potion of
                  | mutation]
  1870 | D:2      | Slain by an adder

Illustrated notes

Levels and vault maps discovered:
D:1:      dpeg_arrival_short_road, layout_loops_ring
D:2:      layout_basic, hellmonk_ecumenical_altar_crossroads,
          nicolae_concentric_dashed_squares_mild

Skill      XL: |  1  2  3  4 |
---------------+-------------+-----
Stealth        | 1 2 |  2.4
Long Blades    | 4 |  4.2
Fighting       | 3 |  3.1
Throwing       | |  2.0
Dodging        | |  3.2

Action                     |  1- 3 |  4- 6 || total
---------------------------+-------+-------++-------
  Melee: Long sword        |    93 |    35 ||   128
         Kick              |    21 |     9 ||    30
         Peck              |    10 |     2 ||    12
         Punch             |     1 |       ||     1
  Throw: Javelin           |     1 |       ||     1
    Use: Potion            |       |     1 ||     1
   Stab: Sleeping          |     5 |     1 ||     6
         Distracted        |     1 |       ||     1
 Armour: Leather armour    |    18 |    10 ||    28
  Dodge: Dodged            |    61 |    27 ||    88

Table legend: (Time is in decaauts)
 A = Elapsed time spent in this place.
 B = Non-inter-level travel time spent in this place.
 C = Inter-level travel time spent in this place.
 D = Time resting spent in this place.
 E = Time spent auto-exploring this place.
 F = Levels seen in this place.
 G = Mean time per level.
                   A        B        C        D        E       F      G
               +--------+--------+--------+--------+--------+-----+--------+
         Total |   1896 |   1885 |     11 |      0 |   1532 |   2 |  948.0 |
       Dungeon |   1896 |   1885 |     11 |      0 |   1532 |   2 |  948.0 |
               +--------+--------+--------+--------+--------+-----+--------+

Top non-repeatable levels by time:
     D:2: 1036 daAuts
     D:1: 859 daAuts
